 Dungeon Crawl Stone Soup version 0.24-a0-592-g9a1d66b0e3 (webtiles) character file.

Game seed: 16313481105778093566, levelgen mode: deterministic

324 Gargoyl the Skirmisher (level 6, -3/41 HPs)
             Began as a Centaur Abyssal Knight on Sept 9, 2019.
             Was a Believer of Lugonu.
             Slain by a centaur (5 damage)
             ... on level 4 of the Dungeon.
             The game lasted 00:04:32 (4123 turns).

Gargoyl the Skirmisher (Centaur Abyssal Knight)     Turns: 4123, Time: 00:04:33

Health: -3/41      AC: 10    Str: 20    XL:     6   Next: 23%
Magic:  8/8        EV:  4    Int: 11    God:    Lugonu [**....]
Gold:   189        SH:  0    Dex: 12    Spells: 5/5 levels left

rFire    . . .     SeeInvis .   a - +1 hand axe
rCold    . . .     Gourm    .   (no shield)
rNeg     . . .     Faith    .   l - +1 plate armour
rPois    .         Spirit   .   (no helmet)
rElec    .         Reflect  .   (no cloak)
rCorr    .         Harm     .   (no gloves)
MR       +....                  (no barding)
Stlth    ..........             (no amulet)
HPRegen  0.13/turn              d - +2 ring of dexterity
MPRegen  0.11/turn              p - ring of protection from magic

@: mighty, very quick
A: large, hooves 3, deformed body, speed 2, [frail 2], tough skin 3
a: Depart the Abyss, Bend Space, Renounce Religion


You were on level 4 of the Dungeon.
You worshipped Lugonu.
Lugonu was pleased with you.
You were not hungry.

You visited 1 branch of the dungeon, and saw 4 of its levels.
You visited the Abyss 1 time.

You collected 189 gold pieces.

Inventory:

Hand Weapons
 a - a +1 hand axe (weapon)
Missiles
 k - 13 javelins (quivered)
Armour
 l - a +1 plate armour (worn)
Jewellery
 d - a +2 ring of dexterity (left hand)
 g - an uncursed ring of protection from fire
 p - a ring of protection from magic (right hand)
Scrolls
 e - 3 scrolls of remove curse
 h - a scroll of fog
 i - a scroll of identify
 m - 2 scrolls of enchant armour
 o - a scroll of blinking
 q - a scroll of teleportation
Potions
 b - a potion of ambrosia {unknown}
 f - 4 potions of mutation {unknown}
 j - 3 potions of curing {unknown}
 n - a potion of might
 s - a potion of haste
Comestibles
 c - 7 rations
 r - 3 chunks of flesh


   Skills:
 + Level 3.8 Fighting
 + Level 3.1 Axes
 + Level 0.1 Throwing
 * Level 3.2 Armour
 * Level 1.7 Dodging
 * Level 3.1 Invocations


You had 5 spell levels left.
You didn't know any spells.
Your spell library was empty.

Dungeon Overview and Level Annotations

Branches:
Dungeon (4/15)
 Temple: D:4-7

Altars:


Innate Abilities, Weirdness & Mutations

You have hooves in place of feet.
Armour fits poorly on your strangely shaped body.
You cover ground very quickly.
You have extremely tough skin. (AC +3)
[You are very frail. (-20% HP)]


Message History

The centaur shoots an arrow.
The arrow hits you.
You see here an arrow.
A giant cockroach comes into view.
The centaur shoots an arrow.
The arrow hits you.
* * * LOW HITPOINT WARNING * * *
Found 12 gold pieces and a scroll of enchant armour.
You see here an arrow.
The centaur shoots an arrow.
The arrow hits you!
* * * LOW HITPOINT WARNING * * *
You see here an arrow.
The centaur shoots an arrow.
The arrow hits you.
* * * LOW HITPOINT WARNING * * *
You see here an arrow.
The centaur unwields a +0 shortbow.
The centaur hits you but does no damage.
You slash the centaur!
The centaur is moderately wounded.
A jackal comes into view.
The centaur hits you.
You die...

.. #.. ##.. ....
.## #...## ...
..## #.... #..#
...# ..o
#..###.%.#
#c##........
#.@##.....#
#.(.#....#
$.#.#.(..?...#
#.......(....## #
.........(...#...#
...#....##<......#
.# ##..s##.###...#
...h..... ..##
......###.. ##


You could see a centaur, an orc, a jackal (wandering) and a giant cockroach.

Vanquished Creatures
  Duvessa (D:3)
  Dowan (D:3)
  A howler monkey (D:3)
  4 adders
  An ooze (D:3)
  3 worms
  3 dart slugs
  A leopard gecko (D:3)
  2 orcs (D:3)
  8 bats
  5 giant cockroaches
  9 goblins
  6 hobgoblins
  12 jackals (D:3)
  3 quokkas
  2 frilled lizards (D:2)
  4 kobolds
  6 rats
72 creatures vanquished.

Notes
Turn   | Place    | Note
-------+----------+-------------------------------------------
     0 | Abyss:1  | Gargoyl the Centaur Abyssal Knight began the quest for the
                  | Orb.
     0 | Abyss:1  | Reached XP level 1. HP: 19/19 MP: 2/2
    43 | Abyss:1  | Noticed a jelly
    63 | Abyss:1  | Noticed a wretched star
    74 | Abyss:1  | Noticed a wretched star
    77 | D:1      | Escaped the Abyss
   437 | D:1      | Reached * piety under Lugonu
   557 | D:1      | Reached XP level 2. HP: 20/20 MP: 3/3
   947 | D:1      | Reached skill level 1 in Dodging
  1445 | D:2      | Reached XP level 3. HP: 21/24 MP: 4/4
  2172 | D:2      | Reached ** piety under Lugonu
  2727 | D:3      | Reached XP level 4. HP: 30/30 MP: 5/5
  3102 | D:3      | Reached XP level 5. HP: 25/36 MP: 6/6
  3911 | D:4      | Noticed Duvessa
  3912 | D:4      | Noticed Dowan
  3922 | D:4      | Noticed a centaur
  4106 | D:3      | Killed Dowan
  4110 | D:3      | Killed Duvessa
  4110 | D:3      | Reached XP level 6. HP: 20/41 MP: 8/8
  4121 | D:4      | HP: 1/41 [centaur/arrow (3)]
  4123 | D:4      | Slain by a centaur

Levels and vault maps discovered:
D:1:      dpeg_arrival_pits, layout_loops_ring, fountainhead
D:2:      minmay_chambers_of_twos, layout_loops_ring
D:3:      layout_basic, first_ration
D:4:      layout_cave_pools, lemuel_crystal_altar, uniq_duvessa

Skill      XL: |  1  2  3  4  5 |
---------------+----------------+-----
Dodging        | 1 |  1.7
Axes           | 2 3 |  3.1
Armour         | 2 3 |  3.2
Invocations    | 3 |  3.1
Fighting       | |  3.8
Throwing       | |  0.1

Action                   |  1- 3 |  4- 6 || total
-------------------------+-------+-------++-------
Melee: Hand axe          |   108 |   102 ||   210
       Kick              |    24 |    18 ||    42
Throw: Javelin           |       |     2 ||     2
Invok: Depart the Abyss  |     1 |       ||     1
  Use: Scroll            |     7 |     3 ||    10
       Potion            |       |     1 ||     1
  Eat: Chunk             |     3 |     4 ||     7
       Ration            |       |     1 ||     1
Armor: Leather armour    |     2 |       ||     2
       Plate armour      |    86 |   119 ||   205
Dodge: Dodged            |    19 |    12 ||    31

Table legend:
 A = Non-vault XP
 B = Vault XP
 C = Vault XP percentage of total XP
 D = Non-vault monster count
 E = Vault monster count
 F = Vault count percentage of total count
                 A         B        C        D         E       F
            +---------+---------+-------+---------+---------+-------
      Total |     226 |     237 |  51.2 |      63 |       9 |  12.5
            +---------+---------+-------+---------+---------+-------
        D:1 |      24 |       0 |   0.0 |      12 |       0 |   0.0
        D:2 |      37 |      18 |  32.7 |      15 |       7 |  31.8
        D:3 |     165 |     219 |  57.0 |      36 |       2 |   5.3
            +---------+---------+-------+---------+---------+-------
